 Dungeon Crawl Stone Soup version 0.21.1-1-g345015f (webtiles) character file.

242 Mirai the Conjurer (level 5, -6/29 HPs)
             Began as a Deep Elf Conjurer on Feb 19, 2018.
             Killed from afar by Natasha (7 damage)
             ... with a wand of flame (32)
             ... on level 3 of the Dungeon.
             The game lasted 00:15:37 (2364 turns).

Mirai the Conjurer (Deep Elf Conjurer)              Turns: 2364, Time: 00:15:38

Health: -6/29      AC:  2    Str:  5    XL:     5   Next: 81%
Magic:  5/13       EV: 12    Int: 21    God:
Gold:   178        SH:  3    Dex: 15    Spells: 2/13 levels left

rFire    . . .     SeeInvis .   m - +0 dagger
rCold    . . .     Gourm    +   k - +0 buckler
rNeg     . . .     Faith    .   r - +0 robe (curse)
rPois    +         Spirit   .   (no helmet)
rElec    .         Reflect  .   (no cloak)
rCorr    .         Harm     .   (no gloves)
MR       .....                  (no boots)
Stlth    ++........             n - amulet of the gourmand
HPRegen  0.09/turn              w - ring of poison resistance
MPRegen  0.13/turn              p - ring of flight

@: no status effects
A: no striking features
a: Evoke Flight


You were on level 3 of the Dungeon.
You were completely stuffed.

You visited 1 branch of the dungeon, and saw 3 of its levels.

You collected 178 gold pieces.

Inventory:

Hand Weapons
 m - a +0 dagger (weapon)
 q - a +0 dagger
 y - a +0 short sword
Armour
 a - a +0 leather armour
 j - a +0 leather armour
 k - a +0 buckler (worn)
 o - a +0 robe
 r - a cursed +0 robe (worn)
 t - a +0 ring mail
 z - a +0 scale mail
Jewellery
 f - a +4 ring of strength
 n - an amulet of the gourmand (around neck)
 p - a ring of flight (right hand)
 w - a ring of poison resistance (left hand)
Wands
 A - a wand of scattershot (6)
Scrolls
 d - 3 scrolls of enchant armour {unknown}
 h - 3 scrolls of teleportation
 u - 2 scrolls of identify
 x - a scroll of remove curse {unknown}
Potions
 e - a potion of degeneration {unknown}
 g - a potion of curing {unknown}
 l - a potion of haste {unknown}
 s - a potion of brilliance {unknown}
 v - a potion of resistance {unknown}
Books
 b - a book of Conjurations

   Spells                             Type                      Level
   a - Magic Dart                     Conjuration                  1
   b - Searing Ray                    Conjuration                  2
   c - Dazzling Spray                 Conjuration/Hexes            3
   d - Fulminant Prism                Conjuration/Hexes            4
   e - Force Lance                    Conjuration/Translocation    4
   f - Iskenderun's Mystic Blast      Conjuration                  4
Comestibles
 c - 3 rations
 i - 4 chunks of flesh


   Skills:
 * Level 1.3 Fighting
 + Level 0.2 Armour
 + Level 2.7 Dodging
 + Level 3.0 Stealth
 + Level 4.5 Spellcasting
 + Level 6.5 Conjurations
 * Level 0.4 Hexes


You had 2 spell levels left.
You knew the following spells:

 Your Spells              Type           Power        Failure   Level  Hunger
a - Magic Dart            Conj           ####         1%          1    None
b - Searing Ray           Conj           ####..       1%          2    #......
c - Iskenderun's Mystic   Conj           ####....     13%         4    ####...
d - Fulminant Prism       Conj/Hex       ###.......   41%         4    ####...


Dungeon Overview and Level Annotations

Branches:
Dungeon (3/15)

Altars:
Ashenzari
Fedhas

Annotations:
D:2 Sigmund
D:3 Natasha


Message History

Aim: Natasha The burst of metal fragments hits Natasha.
Natasha is heavily wounded.
Natasha zaps a wand.
The puff of flame hits you!
* * * LOW HITPOINT WARNING * * *
It is a wand of flame (32).
Unknown command.
Okay, then.
Okay, then.
Casting: Searing Ray
Confirm with . or Enter, or press ? or * to list all spells.
You don't know that spell.
Evoke which item? (* to show all) (? for menu, Esc to quit)
Aiming: Scattershot
Press: ? - help, Shift-Dir - straight line, f/p - Natasha
Aim: Natasha, carrying a wand of flame (32) (heavily wounded)
The burst of metal fragments hits Natasha.
Natasha is severely wounded.
Natasha zaps a wand.
The puff of flame hits you!
You die...

# #.###.#.##.###....
#. #.# #.###...####.#
#.##.###.##.....# #..
#........###...## ###
#.......## ##.##
#.##.##.# #.#
##.##.##.# #.#
#......h.# ##'##
#..##@##.# ##...## #.
#.##.###.....## #
..##.##.......##
...##.#.........###
...%...'.........'..
##...####.......>.###
....# ##.......##
#.#.## ##...†.##
##...##


You could see Natasha.

Vanquished Creatures
  An orc wizard (D:3)
  Terence (D:3)
  Natasha (twice) (D:3)
  A worker ant (D:2)
  4 adders
  An ooze (D:1)
  2 worms
  2 dart slugs
  2 leopard geckos
  4 orcs (D:3)
  2 bats
  3 giant cockroaches
  6 goblins
  8 hobgoblins
  8 kobolds
  2 quokkas (D:2)
  A ball python (D:2)
  4 frilled lizards
  9 rats
63 creatures vanquished.

Notes
Turn   | Place    | Note
-------+----------+-------------------------------------------
     0 | D:1      | Mirai the Deep Elf Conjurer began the quest for the Orb.
     0 | D:1      | Reached XP level 1. HP: 10/10 MP: 6/6
    80 | D:1      | Reached XP level 2. HP: 16/16 MP: 4/8
   244 | D:1      | Found a shattered altar of Ashenzari.
   393 | D:1      | You fall through a shaft!
   410 | D:2      | Learned a level 2 spell: Searing Ray
   654 | D:1      | Reached skill level 5 in Conjurations
   663 | D:1      | Reached XP level 3. HP: 13/20 MP: 4/9
   843 | D:2      | Noticed Sigmund
   857 | D:2      | Reached skill level 1 in Fighting
  1052 | D:2      | Reached XP level 4. HP: 25/25 MP: 2/11
  1465 | D:2      | Learned a level 4 spell: Iskenderun's Mystic Blast
  1470 | D:2      | Learned a level 4 spell: Fulminant Prism
  1693 | D:3      | Noticed Terence
  1709 | D:3      | Killed Terence
  1771 | D:3      | Noticed Natasha
  1776 | D:3      | Killed Natasha
  1776 | D:3      | Reached XP level 5. HP: 6/29 MP: 1/13
  2076 | D:3      | Reached skill level 6 in Conjurations
  2170 | D:3      | Found a blossoming altar of Fedhas.
  2346 | D:3      | Noticed Natasha
  2354 | D:3      | Killed Natasha
  2362 | D:3      | Noticed Natasha
  2362 | D:3      | HP: 1/29 [Natasha/wand of flame (33) (12)]
  2364 | D:3      | Killed from afar by Natasha

Skill      XL: |  1  2  3  4  5 |
---------------+----------------+-----
Conjurations   | 5 6 |  6.5
Fighting       | 1 |  1.3
Stealth        | 3 |  3.0
Spellcasting   | 4 |  4.5
Armour         | |  0.2
Dodging        | |  2.7
Hexes          | |  0.4

Action                   |  1- 3 |  4- 6 || total
-------------------------+-------+-------++-------
Melee: Dagger            |     1 |    11 ||    12
 Cast: Magic Dart        |    63 |    33 ||    96
       Searing Ray       |     2 |     9 ||    11
       Iskenderun's Myst |       |     2 ||     2
 Abil: Stop Flying       |       |     1 ||     1
       Evoke Flight      |       |     1 ||     1
Evoke: Wand              |       |     2 ||     2
  Use: Scroll            |       |     2 ||     2
  Eat: Chunk             |    10 |     8 ||    18
Armor: Leather armour    |     1 |       ||     1
       Robe              |       |     4 ||     4
Dodge: Dodged            |     4 |    19 ||    23
Block: Buckler           |     2 |     5 ||     7
